 Dungeon Crawl Stone Soup version 0.24.0-1-gfbc8707 (webtiles) character file.

Game seed: 13006690263178508181, levelgen mode: deterministic

469 Illumine the Shooter (level 6, -5/52 HPs)
             Began as a Centaur Hunter on Nov 1, 2019.
             Was an Initiate of Okawaru.
             Slain by a slave (9 damage)
             ... led by Pikel
             ... on level 4 of the Dungeon.
             The game lasted 00:09:47 (3203 turns).

Illumine the Shooter (Centaur Hunter)               Turns: 3203, Time: 00:09:47

Health: -5/52      AC:  8    Str: 16    XL:     6   Next: 82%
Magic:  6/6        EV:  9    Int: 10    God:    Okawaru [......]
Gold:   231        SH:  0    Dex: 12    Spells: 5/5 levels left

rFire    . . .     SeeInvis .     - Unarmed
rCold    . . .     Gourm    .   (no shield)
rNeg     . . .     Faith    .   c - +1 leather armour
rPois    .         Spirit   .   (no helmet)
rElec    .         Reflect  .   (no cloak)
rCorr    .         Harm     .   t - +2 pair of gloves
MR       .....                  (no barding)
Stlth    +.........             w - amulet of the acrobat
HPRegen  0.17/turn              k - +3 ring of slaying
MPRegen  0.10/turn              s - +2 ring of dexterity

@: very quick
A: large, hooves 3, deformed body, speed 2, tough skin 3
a: Renounce Religion


You were on level 4 of the Dungeon.
You worshipped Okawaru.
Okawaru was noncommittal.
You were not hungry.

You visited 2 branches of the dungeon, and saw 5 of its levels.

You collected 231 gold pieces.

Inventory:

Hand Weapons
 a - a +2 shortbow
Missiles
 d - 36 arrows
Armour
 c - a +1 leather armour (worn)
 t - a +2 pair of gloves (worn)
Jewellery
 k - a +3 ring of slaying (left hand)
 s - a +2 ring of dexterity (right hand)
 w - an amulet of the acrobat (around neck)
Wands
 n - a wand of digging (12)
Scrolls
 g - 3 scrolls of identify
 r - a scroll of blinking {unknown}
 v - a scroll of immolation {unknown}
Potions
 b - 2 potions of lignification {unknown}
 e - 3 potions of curing {unknown}
 h - a potion of agility {unknown}
 i - a potion of brilliance {unknown}
 j - a potion of haste {unknown}
 l - 2 potions of invisibility {unknown}
 o - a potion of flight {unknown}
Comestibles
 f - 8 rations
 u - 2 chunks of flesh


   Skills:
 + Level 4.1 Fighting
 + Level 7.2 Bows
 + Level 1.9 Armour
 - Level 1.3 Dodging
 - Level 0.4 Stealth
 + Level 3.4 Unarmed Combat


You had 5 spell levels left.
You didn't know any spells.
Your spell library was empty.

Dungeon Overview and Level Annotations

Branches:
Dungeon (4/15)             Temple (1/1) D:4

Altars:
Ashenzari
Cheibriados
Elyvilon
Hepliaklqana
Nemelex Xobeh
Okawaru
Qazlal
Ru
Sif Muna
Trog
Uskayaw
Vehumet

Annotations:
D:4 Pikel


Innate Abilities, Weirdness & Mutations

You have hooves in place of feet.
Armour fits poorly on your strangely shaped body.
You cover ground very quickly.
You have extremely tough skin. (AC +3)


Message History

The slave is moderately wounded.
The slave hits you. The slave barely misses you.
You closely miss the slave.
The slave is moderately wounded.
The slave hits you.
* * * LOW HITPOINT WARNING * * *
The slave closely misses you.
As you read the scroll labeled XICSAUMP BUCISAEHI, it crumbles to dust.
You feel blessed for a moment.
It was a scroll of remove curse.
The slave hits you!
* * * LOW HITPOINT WARNING * * *
As you read the scroll labeled OTHEMA IRENLO, it crumbles to dust.
It is a scroll of enchant armour.
Your +0 leather armour glows green for a moment.
The slave hits you but does no damage.
As you read the scroll labeled XACEOC TEGIC, it crumbles to dust.
It is a scroll of enchant weapon.
Your +1 shortbow glows red for a moment.
Pikel hits you but does no damage. The slave hits you!
You die...

#....÷. #.##### # #.#
#.#######.#####
#..............
####.###..###.#
#######.# #.p# #>#
#.p.....# #..# #.#
#@####### #..###.. ##K##
#..#...# #####pp.#
#..÷.#.. ##......[#
#......# #........#
#.......
#..###.#############.#..
#. #..[p.pK...>....#.. #
#################.# #)#


You could see Pikel and 3 slaves.

Vanquished Creatures
  A slave (D:4)
  A phantom (D:4)
  An ogre (D:4)
  A hound (D:3)
  3 orc priests
  Terence (D:2)
  7 adders
  An ooze (D:3)
  3 dart slugs
  A leopard gecko (D:4)
  5 orcs
  5 giant cockroaches
  3 goblins
  9 hobgoblins
  9 jackals
  7 kobolds
  A quokka (D:3)
  5 bats
  7 frilled lizards
  2 quokka skeletons (D:4)
  6 rats
79 creatures vanquished.

Notes
Turn   | Place    | Note
-------+----------+-------------------------------------------
     0 | D:1      | Illumine the Centaur Hunter began the quest for the Orb.
     0 | D:1      | Reached XP level 1. HP: 17/17 MP: 1/1
   374 | D:1      | Reached XP level 2. HP: 20/24 MP: 2/2
   635 | D:1      | Reached skill level 1 in Unarmed Combat
  1015 | D:2      | Noticed Terence
  1046 | D:2      | Killed Terence
  1046 | D:2      | Reached skill level 6 in Bows
  1046 | D:2      | Reached XP level 3. HP: 30/30 MP: 3/3
  1310 | D:2      | Found a sacrificial altar of Ru.
  1432 | D:2      | Reached XP level 4. HP: 38/38 MP: 4/4
  2204 | D:3      | Found a sparkling altar of Nemelex Xobeh.
  2326 | D:3      | Reached XP level 5. HP: 45/45 MP: 5/5
  2367 | D:3      | Reached skill level 1 in Armour
  2840 | D:4      | Noticed an ogre
  2848 | D:4      | Killed an ogre
  2848 | D:4      | Reached XP level 6. HP: 52/52 MP: 6/6
  2856 | D:4      | Reached skill level 7 in Bows
  2889 | D:4      | Found a staircase to the Ecumenical Temple.
  2901 | Temple   | Entered the Ecumenical Temple
  2913 | Temple   | Became a worshipper of Warmaster Okawaru
  3129 | D:4      | Noticed a slave
  3130 | D:4      | Noticed a slave
  3131 | D:4      | Noticed Pikel
  3132 | D:4      | Noticed a slave
  3163 | D:4      | Noticed a slave
  3182 | D:4      | Killed a slave
  3203 | D:4      | Slain by a slave

Levels and vault maps discovered:
D:1:      sevenhm_arrival_forest_fort_large_2, layout_basic
D:2:      layout_rooms, old_standard_altar, uniq_terence
D:3:      layout_basic, kennysheep_decorative_pillar, nemelex_altar_shiori
D:4:      layout_loops_ring, minmay_temple_entry_slanted, first_ration,
          uniq_pikel
Temple:   cyrus_circular_temple

Skill      XL: |  1  2  3  4  5  6 |
---------------+-------------------+-----
Unarmed Combat | 1 2 3 |  3.4
Bows           | 6 7 |  7.2
Fighting       | 3 4 |  4.1
Armour         | 1 |  1.9
Dodging        | |  1.3
Stealth        | |  0.4

Action                   |  1- 3 |  4- 6 || total
-------------------------+-------+-------++-------
Melee: Unarmed           |    90 |    95 ||   185
       Kick              |    13 |    14 ||    27
 Fire: Shortbow          |    21 |    58 ||    79
  Use: Scroll            |       |     4 ||     4
  Eat: Chunk             |     1 |     4 ||     5
Armor: Leather armour    |    42 |    28 ||    70
Dodge: Dodged            |    48 |    52 ||   100
